AoeStats
← 超人不是我

Black Forest

509992993Analyzed
4v4 RM · 5d ago on Sep 29, 2026· 59m 19s· 8 players
Game mode
Random Map
Map size
Large (8 player)
Population
200
Speed
Normal
Resources
Standard
Victory
Conquest
Starting age
Dark Age
Ending age
Imperial Age
RankedLock teamsTeams togetherTeam positionsShared explorationLock speedFull tech treeHidden civsTurbo modeCheats
Victory
Defeat
🇨🇳 Mongols · China
1297
+9
1127
+15
🇨🇳 Britons · China
988
+21
🇨🇳 Cumans · China
950
+23
🇺🇸 Bohemians · United States
1117
-17
🇩🇴 Romans · Dominican Republic
1116
-17
🇺🇸 Teutons · United States
1109
-17
🇳🇿 Burmese · New Zealand
1100
-17
un908561
2:16 Loom
11:30 Feudal Age
12:44 Double-Bit Axe
13:22 Fletching
13:34 Padded Archer Armor
24:45 Horse Collar
26:33 Wheelbarrow
29:57 Town Watch
35:20 Castle Age
37:50 Hand Cart
40:13 Imperial Age
40:12 Bloodlines
40:15 Forging
40:10 Scale Barding Armor
40:38 Leather Archer Armor
40:19 Bodkin Arrow
40:25 Cavalier
41:44 Iron Casting
40:59 Elite Steppe Lancer
42:59 Chain Barding Armor
43:11 Ring Archer Armor
45:31 Blast Furnace
47:35 Plate Barding Armor
47:49 Light Cavalry
49:01 Conscription
48:47 Steppe Husbandry
48:54 Steppe Husbandry
49:10 Bow Saw
49:03 Heavy Plow
53:03 Hussar
58:31 Crop Rotation
59:03 Two-Man Saw
860
4:39 Loom
11:09 Feudal Age
12:35 Double-Bit Axe
15:01 Castle Age
13:13 Horse Collar
16:17 Bow Saw
22:10 Wheelbarrow
25:18 Fishing Lines
26:41 Hand Cart
26:58 Gillnets
30:06 Imperial Age
29:28 Bloodlines
29:19 Husbandry
29:36 Forging
29:32 Scale Barding Armor
32:00 Elite Mangudai
33:00 Conscription
32:22 Capped Ram
34:19 Gold Mining
34:19 Stone Mining
34:24 Fletching
34:35 Padded Archer Armor
35:37 Chemistry
34:57 Ballistics
34:56 Siege Engineers
34:47 Murder Holes
35:02 Masonry
34:59 Siege Ram
36:01 Drill
35:57 Caravan
39:18 Bodkin Arrow
39:38 Leather Archer Armor
40:06 Iron Casting
39:51 Chain Barding Armor
39:07 Light Cavalry
40:07 Bracer
40:42 Coinage
45:50 Blast Furnace
49:12 Banking
52:00 Hussar
活在故事里的骑士
3:58 Loom
11:21 Feudal Age
13:14 Double-Bit Axe
15:40 Castle Age
20:16 Bow Saw
20:02 Gold Mining
25:42 Wheelbarrow
30:35 Imperial Age
29:44 Hand Cart
29:14 Town Watch
29:27 Stone Mining
30:46 Town Patrol
31:06 Forging
31:01 Scale Barding Armor
31:31 Husbandry
30:56 Cavalier
31:45 Scale Mail Armor
32:23 Iron Casting
31:35 Treadmill Crane
31:52 Murder Holes
32:37 Conscription
32:18 Chivalry
33:31 Gold Shaft Mining
32:43 Paladin
37:12 Coinage
38:25 Banking
44:34 Blast Furnace
43:55 Chain Barding Armor
50:37 Light Cavalry
52:17 Plate Barding Armor
超人不是我
11:31 Feudal Age
13:17 Wheelbarrow
16:24 Castle Age
14:42 Double-Bit Axe
15:45 Stone Mining
16:05 Horse Collar
16:22 Gold Mining
24:16 Gold Shaft Mining
27:22 Gold Shaft Mining
29:42 Imperial Age
27:35 Hand Cart
28:10 Bow Saw
28:03 Heavy Plow
29:13 Ballistics
31:01 Fletching
31:40 Conscription
34:06 Bodkin Arrow
35:13 Chemistry
34:26 Siege Engineers
35:18 Padded Archer Armor
36:33 Yeomen
38:55 Elite Longbowman
41:11 Bracer
41:28 Leather Archer Armor
41:52 Treadmill Crane
42:26 Masonry
42:13 Murder Holes
43:36 Two-Man Saw
43:03 Warwolf
43:10 Warwolf
45:40 Ring Archer Armor
47:32 Caravan
49:39 Guilds
54:02 Coinage
56:06 Hoardings
NY-Radamantiz
13:12 Feudal Age
16:59 Castle Age
14:51 Horse Collar
15:17 Double-Bit Axe
18:01 Heavy Plow
25:26 Loom
28:55 Fletching
33:44 Wheelbarrow
35:08 Scale Mail Armor
35:18 Forging
39:18 Imperial Age
38:03 Chemistry
38:39 Iron Casting
37:51 Pikeman
38:31 Squires
38:17 Arson
39:49 Chain Mail Armor
39:33 Halberdier
40:16 Houfnice
43:32 Plate Mail Armor
43:19 Bow Saw
44:46 Siege Engineers
45:18 Wagenburg Tactics
47:00 Bodkin Arrow
49:44 Blast Furnace
49:41 Conscription
50:35 Bracer
NY-HENRY
0:27 Loom
12:48 Feudal Age
16:54 Castle Age
16:46 Wheelbarrow
16:51 Double-Bit Axe
29:15 Bow Saw
29:06 Horse Collar
32:23 Imperial Age
30:04 Heavy Plow
30:14 Scale Barding Armor
30:19 Forging
31:32 Chain Barding Armor
31:55 Hand Cart
31:54 Bloodlines
32:37 Cavalier
33:22 Gold Mining
33:53 Caravan
34:55 Plate Barding Armor
36:28 Crop Rotation
36:14 Paladin
36:28 Elite Skirmisher
38:28 Iron Casting
37:43 Fletching
37:54 Padded Archer Armor
41:12 Pikeman
44:08 Blast Furnace
43:10 Scale Mail Armor
43:30 Squires
45:08 Halberdier
48:50 Chain Mail Armor
52:17 Plate Mail Armor
53:05 Leather Archer Armor
52:46 Bodkin Arrow
54:35 Ring Archer Armor
adriel.fe1123
0:34 Loom
12:56 Feudal Age
17:23 Man-at-Arms
18:21 Double-Bit Axe
21:45 Town Watch
32:51 Castle Age
34:12 Long Swordsman
34:53 Squires
34:19 Pikeman
36:14 Fletching
39:43 Ballistas
52:05 Elite Skirmisher
crispyburrito
6:21 Loom
13:24 Feudal Age
17:04 Castle Age
15:40 Horse Collar
23:51 Gold Mining
27:01 Wheelbarrow
26:44 Heavy Plow
27:34 Padded Archer Armor
28:45 Caravan
29:13 Manipur Cavalry
29:38 Bloodlines
29:29 Husbandry
31:06 Hand Cart
32:47 Gold Shaft Mining
34:50 Imperial Age
33:10 Treadmill Crane
33:50 Ballistics
33:42 Masonry
35:22 Elite Battle Elephant
37:00 Guilds
38:46 Scale Barding Armor
38:52 Forging
39:27 Scale Mail Armor
39:53 Chain Barding Armor
38:58 Light Cavalry
38:58 Cavalier
41:22 Plate Barding Armor
41:48 Iron Casting
41:07 Fletching
41:17 Scale Mail Armor
42:05 Architecture
42:00 Elite Arambai
52:06 Howdah
53:08 Blast Furnace
52:06 Bodkin Arrow
52:27 Chain Mail Armor
52:35 Squires
51:56 Pikeman
52:21 Arson
52:22 Gambesons
51:58 Man-at-Arms
Connection lost

Rejoining the realm…

Still unreachable

The connection could not be restored.

Session expired

The server has moved on; the page needs a fresh start.